 Dungeon Crawl Stone Soup version 0.31.0-32-g396128a36d (webtiles) character file.

Game seed: 5071295954390656642

19311 asasucksnuts the Severer (level 12, -2/112 HPs)
             Began as a Minotaur Monk on Mar 29, 2024.
             Was the Champion of Nemelex Xobeh.
             Slain by an ettin
             ... wielding a +0 dire flail
              (14 damage)
             ... on level 12 of the Dungeon on Apr 1, 2024.
             The game lasted 00:21:15 (10918 turns).

asasucksnuts the Severer (Minotaur Monk)           Turns: 10918, Time: 00:21:18

Health: -2/112     AC: 21    Str: 26    XL:     12   Next: 35%
Magic:  11/11      EV: 10    Int:  7    God:    Nemelex Xobeh [******]
Gold:   939        SH:  0    Dex: 14    Spells: 11/11 levels left

rFire   . . .        J - +4 war axe
rCold   . . .        d - orb {light}
rNeg    . . .        E - +0 plate armour
rPois   .            (helmet restricted)
rElec   .            (no cloak)
rCorr   .            (no gloves)
SInv    .            v - +0 pair of boots
Will    .....        (no amulet) Stlth
                     V - +6 ring of strength
HPRegen 0.38/turn    q - +4 ring of protection
MPRegen 0.12/turn

%: no passive effects
@: glowing
A: horns 2, retaliatory headbutt
a: Renounce Religion, Draw Escape, Draw Destruction, Draw Summoning, Triple
Draw, Deal Four, Stack Five


You were on level 12 of the Dungeon.
You worshipped Nemelex Xobeh.
Nemelex Xobeh was exalted by your worship.
You visited 1 branch of the dungeon, and saw 12 of its levels.

You collected 939 gold pieces.

Inventory:

Hand Weapons
 a - a +0 hand axe
 J - a +4 war axe (weapon)
 Q - a +1 whip of distortion
Missiles
 w - 2 throwing nets (quivered)
Armour
 b - a +0 robe
 d - an orb of light (worn)
 j - a +0 scale mail
 s - a +0 chain mail
 v - a +0 pair of boots (worn)
 D - an orb of guile
 E - a +0 plate armour (worn)
 N - +0 acid dragon scales
 R - a +2 chain mail of fire resistance
Jewellery
 i - a ring of positive energy
 n - a +6 ring of intelligence
 q - a +4 ring of protection (right hand)
 x - a +6 ring of intelligence
 C - a ring of poison resistance
 P - a ring of fire
 S - a ring of see invisible
 V - a +6 ring of strength (left hand)
Talismans
 K - a maw talisman
Wands
 z - a wand of flame (27)
 A - a wand of roots (15)
 L - a wand of digging (4)
 T - a wand of charming (11)
 W - a wand of light (1)
Scrolls
 e - a scroll of acquirement {unknown}
 h - 4 scrolls of immolation
 k - 5 scrolls of teleportation
 m - 2 scrolls of vulnerability {unknown}
 p - 4 scrolls of enchant weapon {unknown}
 r - 4 scrolls of fear
 t - a scroll of fog {unknown}
 u - 5 scrolls of poison
 y - 5 scrolls of revelation
 B - 2 scrolls of blinking {unknown}
 F - a scroll of enchant armour {unknown}
 G - a scroll of brand weapon {unknown}
 I - 3 scrolls of butterflies {unknown}
Potions
 c - 5 potions of ambrosia
 f - a potion of might {unknown}
 g - 3 potions of degeneration
 l - 2 potions of enlightenment
 o - 2 potions of curing
 H - 4 potions of resistance
 M - 3 potions of lignification
 O - a potion of heal wounds {unknown}
 U - a potion of berserk rage {unknown}


   Skills:
 + Level 12.1 Fighting
 + Level 16.3 Axes
 + Level 13.3 Armour
 + Level 5.5 Dodging
 + Level 1.4 Stealth


You had 11 spell levels left.
You didn't know any spells.
Your spell library contained the following spells:

 Spells                   Type           Power      Damage    Failure   Level
 Slow                     Hex            0%         N/A       98%         1
 Cigotuvi's Dreadful Rot  Necr/Alch/Air  0%         N/A       99%         2
 Ensorcelled Hibernation  Hex/Ice        0%         N/A       99%         2
 Confusing Touch          Hex            0%         N/A       100%        3
 Passwall                 Erth           0%         N/A       100%        3
 Sigil of Binding         Hex            0%         N/A       100%        3
 Swiftness                Air            0%         N/A       100%        3
 Vampiric Draining        Necr           0%         2d6       100%        3
 Ignite Poison            Fire/Alch      0%         N/A       100%        4
 Olgreb's Toxic Radiance  Alch           0%         N/A       100%        4
 Sticky Flame             Fire/Alch      0%         2d4       100%        4
 Freezing Cloud           Conj/Ice/Air   0%         6-21      100%        5
 Ozocubu's Refrigeration  Ice            0%         4d7       100%        7
 Discord                  Hex            0%         N/A       100%        8
 Ignition                 Fire           0%         3d3       100%        8


Dungeon Overview and Level Annotations

Branches:
Dungeon (12/15)            Temple (0/1) D:6            Lair (0/5) D:11
    Orc (0/2) D:9

Altars:
Dithmenos
Elyvilon
Fedhas
Gozag
Makhleb
Nemelex Xobeh
Qazlal
Ru
Trog
Uskayaw
Vehumet

Shops:
D:7 !   D:10 [   D:12 =

Annotations:
D:3 3 runed translucent doors, chippings's ghost, weakling DrWn


Innate Abilities, Weirdness & Mutations

You have a pair of horns on your head.
You reflexively headbutt those who attack you in melee.


Message History

The phantasmal warrior gestures at you.
The phantasmal warrior blinks!
Your Fighting skill increases to level 12!
The phantasmal warrior hits you but does no damage.
You slash the phantasmal warrior!
The phantasmal warrior is almost destroyed.
The phantasmal warrior is no longer moving slowly.
The phantasmal warrior hits you but does no damage.
You slice the phantasmal warrior!!
You destroy the phantasmal warrior!
No target in view!
An ettin comes into view.
It is wielding a +0 dire flail and a +0 great mace.
An ettin is nearby!
Unknown command.
You draw a card...
You have drawn Pain.
Press: ? - help, Shift-Dir - straight line The ettin convulses!
You draw a card...
You have drawn the Storm.
A fierce wind blows from the card.
You hear mighty peals of thunder!
You hit the ettin.
You headbutt the ettin, but do no damage.
The ettin is heavily wounded.
The ettin hits you with a +0 dire flail!
The ettin hits you but does no damage.
You draw a card...
You have drawn the Cloud.
Clouds appear around your foes!
The ettin hits you with a +0 dire flail.
The ettin hits you with a +0 great mace!
The ettin attacks as it pursues you!
The ettin hits you with a +0 dire flail!!
* * * LOW HITPOINT WARNING * * *
The ettin hits you but does no damage.
A centaur warrior simulacrum comes into view.
You draw a card...
You have drawn the Swarm.
A tengu conjurer comes into view.
The ettin is engulfed in noxious fumes.
The ettin appears confused.
The ettin hits you but does no damage.
The ettin hits you with a +0 great mace!
You die...
Your body glows with a rainbow of weird colours and disappears.

........# #...#
.#....### ###.#
.#....# #.#
.#....# ##.## .#
...# ##...##
#.....# ##..y##
##...##
###†.@..###
#..$○C○...#
#.......○.○y......
........○○○.......
...........(......
.......(...)......
.........Z........
....Q.....[.......
.................


You could see an ettin (confused, ally target), a tengu conjurer, a centaur
warrior simulacrum and 2 friendly killer bees.

Vanquished Creatures
  A sphinx (D:12)
  A two-headed ogre (D:11)
  A phantasmal warrior (D:12)
  A manticore (D:12)
  4 cyclopes
  2 ugly things (D:12)
  2 gargoyles (D:12)
  2 unseen horrors
  A kobold demonologist (D:12)
  Jeremiah (D:6)
  4 komodo dragons
  4 trolls
  A queen bee (D:11)
  2 hornets
  Grinder (D:3)
  9 slime creatures (D:12)
  2 shadows (D:11)
  Sigmund (D:4)
  A vampire (D:10)
  3 wraiths
  11 yaks (D:10)
  Grum (D:9)
  A vampire mosquito (D:12)
  Edmund (D:4)
  2 acid dragons
  2 water moccasins
  2 ice beasts
  4 orc warriors
  A sky beast (D:6)
  2 black bears (D:11)
  3 ogres
  2 wolves (D:9)
  A boggart (D:7)
  7 centaurs
  A phantom (D:6)
  Blork the orc (D:6)
  4 bullfrogs
  3 kobold brigands
  5 scorpions
  5 wights (D:8)
  A water moccasin skeleton (D:3)
  20 killer bees
  4 howler monkeys
  8 hounds
  6 orc priests
  A bombardier beetle (D:5)
  A sleepcap (D:5)
  Ijyb (D:4)
  4 iguanas
  13 orc wizards
  4 gnolls (D:4)
  7 adders
  2 howler monkey skeletons (D:3)
  A white imp (D:5)
  2 ufetubi (D:6)
  An adder zombie (D:3)
  3 dart slugs
  48 orcs
  A ball python (D:2)
  10 endoplasms
  3 giant cockroaches
  12 goblins
  5 hobgoblins
  3 jackals (D:4)
  5 kobolds
  A quokka (D:4)
  A ball python skeleton (D:3)
  6 bats (D:2)
  3 frilled lizards
  A jackal skeleton (D:3)
  12 rats
293 creatures vanquished.

Vanquished Creatures (others)
  A kobold (D:9)
1 creature vanquished.

Grand Total: 294 creatures vanquished

Notes
Turn   | Place    | Note
-------+----------+-------------------------------------------
     0 | D:1      | asasucksnuts the Minotaur Monk began the quest for the Orb.
     0 | D:1      | Reached XP level 1. HP: 19/19 MP: 0/0
   106 | D:1      | Reached skill level 4 in Axes
   106 | D:1      | Reached XP level 2. HP: 27/27 MP: 1/1
  1017 | D:2      | Reached XP level 3. HP: 32/33 MP: 2/2
  1541 | D:3      | Found a stormy altar of Qazlal.
  1569 | D:3      | Noticed Grinder
  1683 | D:3      | Found a faded altar of an unknown god.
  1701 | D:3      | Prayed at the altar of an unknown god.
  1701 | D:3      | Became a worshipper of Nemelex Xobeh the Trickster
  1701 | D:3      | Reached * piety under Nemelex Xobeh
  1701 | D:3      | Received a gift from Nemelex Xobeh
  1701 | D:3      | Reached ** piety under Nemelex Xobeh
  1712 | D:3      | Reached XP level 4. HP: 40/41 MP: 3/3
  1737 | D:3      | Received a gift from Nemelex Xobeh
  1782 | D:3      | Reached skill level 1 in Armour
  1800 | D:3      | Reached *** piety under Nemelex Xobeh
  1827 | D:3      | Reached skill level 5 in Axes
  1830 | D:3      | Reached XP level 5. HP: 47/47 MP: 4/4
  1968 | D:3      | Found a runed translucent gate.
  1968 | D:3      | Found a runed translucent gate.
  1968 | D:3      | Found a runed translucent gate.
  1970 | D:3      | Noticed chippings's ghost (weakling DrWn)
  2047 | D:3      | Paralysed by Grinder for 5 turns
  2055 | D:3      | Paralysed by Grinder for 4 turns
  2064 | D:3      | Killed Grinder
  2065 | D:3      | Reached skill level 5 in Fighting
  2065 | D:3      | Reached skill level 6 in Axes
  2065 | D:3      | Reached XP level 6. HP: 36/56 MP: 5/5
  2204 | D:3      | Found a hide-covered altar of Uskayaw.
  2484 | D:4      | Received a gift from Nemelex Xobeh
  2610 | D:4      | Noticed Sigmund
  2622 | D:4      | Killed Sigmund
  2623 | D:4      | Reached XP level 7. HP: 61/61 MP: 6/6
  2859 | D:4      | Noticed Edmund
  2877 | D:4      | Killed Edmund
  2878 | D:4      | Reached skill level 7 in Axes
  3017 | D:4      | Noticed Ijyb
  3031 | D:4      | Killed Ijyb
  3371 | D:5      | Entered Level 5 of the Dungeon
  3403 | D:5      | Reached skill level 8 in Axes
  3427 | D:5      | Reached skill level 5 in Dodging
  3479 | D:5      | Reached **** piety under Nemelex Xobeh
  3490 | D:5      | Reached XP level 8. HP: 28/70 MP: 7/7
  3682 | D:5      | Found an opulent altar of Gozag.
  3736 | D:5      | Found a radiant altar of Vehumet.
  3737 | D:5      | Found a white marble altar of Elyvilon.
  3915 | D:5      | Reached skill level 5 in Armour
  4088 | D:5      | Reached skill level 9 in Axes
  4560 | D:6      | Noticed Jeremiah
  4564 | D:6      | Killed Jeremiah
  4565 | D:6      | Reached skill level 10 in Axes
  4589 | D:6      | Noticed Blork the orc
  4596 | D:6      | Reached XP level 9. HP: 76/78 MP: 8/8
  4601 | D:6      | Killed Blork the orc
  4965 | D:6      | Found a staircase to the Ecumenical Temple.
  5037 | D:7      | Received a gift from Nemelex Xobeh
  5440 | D:7      | Received a gift from Nemelex Xobeh
  5440 | D:7      | Found Banome's Distillery.
  5459 | D:7      | Noticed an unseen horror
  5460 | D:7      | Killed an unseen horror
  5461 | D:7      | Reached skill level 11 in Axes
  5461 | D:7      | Reached skill level 1 in Stealth
  5504 | D:7      | Noticed a cyclops
  5520 | D:7      | a cyclops changed into a boggart
  5613 | D:7      | Reached ***** piety under Nemelex Xobeh
  6270 | D:8      | Received a gift from Nemelex Xobeh
  6288 | D:8      | Reached XP level 10. HP: 90/90 MP: 9/9
  6615 | D:8      | Found a blossoming altar of Fedhas.
  6720 | D:9      | Reached skill level 12 in Axes
  6721 | D:9      | Reached skill level 10 in Armour
  6828 | D:9      | Found a staircase to the Orcish Mines.
  7177 | D:9      | Received a gift from Nemelex Xobeh
  7200 | D:9      | Noticed Joseph
  7205 | D:9      | Joseph changed into Joseph the iguana
  7205 | D:9      | Noticed Joseph
  7210 | D:9      | Killed Joseph the iguana
  7263 | D:9      | Noticed Grum
  7270 | D:9      | Killed Grum
  7640 | D:10     | Entered Level 10 of the Dungeon
  7655 | D:10     | Reached skill level 13 in Axes
  7785 | D:10     | Received a gift from Nemelex Xobeh
  8194 | D:10     | Found Neyv Xitt's Antique Armour Boutique.
  8225 | D:10     | Found a shadowy altar of Dithmenos.
  8225 | D:10     | Found a burning altar of Makhleb.
  8225 | D:10     | Found a bloodstained altar of Trog.
  8225 | D:10     | Found a sacrificial altar of Ru.
  8247 | D:10     | Reached XP level 11. HP: 36/99 MP: 10/10
  8617 | D:11     | Reached skill level 10 in Fighting
  8880 | D:11     | Noticed a two-headed ogre
  8882 | D:11     | Reached skill level 14 in Axes
  8890 | D:11     | Killed a two-headed ogre
  9152 | D:11     | Received a gift from Nemelex Xobeh
  9581 | D:11     | Found a staircase to the Lair.
  9997 | D:12     | Reached skill level 15 in Axes
 10009 | D:12     | Received a gift from Nemelex Xobeh
 10012 | D:12     | Reached ****** piety under Nemelex Xobeh
 10070 | D:12     | Noticed a green ugly thing
 10070 | D:12     | Noticed a purple ugly thing
 10073 | D:12     | Killed a purple ugly thing
 10084 | D:12     | Killed a green ugly thing
 10269 | D:12     | Found Roror's Jewellery Boutique.
 10665 | D:12     | Reached XP level 12. HP: 48/110 MP: 11/11
 10890 | D:12     | Reached skill level 16 in Axes
 10890 | D:12     | Noticed a sphinx
 10903 | D:12     | Killed a sphinx
 10909 | D:12     | Noticed an ettin
 10918 | D:12     | Slain by an ettin

Illustrated notes

Levels and vault maps discovered:
D:1:      dpeg_arrival_fog, layout_basic
D:2:      layout_basic
D:3:      layout_basic, general_overflow_altar, mainiacjoe_overflow_chevrons,
          chequers_ecumenical_altar_island, serial_undead, serial_undead_f,
          serial_undead_a, serial_undead_a, serial_undead_f,
          gammafunk_ghost_nasty_kobolds, minmay_liquid_box, hex_tiny,
          dreamdust_princess_bridge, uniq_grinder
D:4:      kennysheep_goblin_castle, layout_basic, minmay_crossroads,
          uniq_sigmund, uniq_edmund
D:5:      minmay_polygon_palace, layout_layer_cave, minitemple
D:6:      layout_gridville, minmay_temple_entry_from_below_b,
          lightli_corner_chamber, uniq_blork_the_orc, uniq_jeremiah
D:7:      layout_cave_pods, serial_shops, shop, kb_rosetta
D:8:      layout_basic, mainiacjoe_overflow_alcove_4
D:9:      layout_cave_pools, hiddenorc2_lemuel, feat_on_display, uniq_joseph,
          uniq_grum
D:10:     layout_roguey, chequers_temple_overflow_statue_of_worship,
          serial_shops, shop
D:11:     layout_cave_pods, grunt_lair_entry_orc_guard_hut, minivault_7
D:12:     thingy_vault, layout_basic, serial_shops, shop

Skill      XL: |  1  2  3  4  5  6  7  8  9 10 11 12 |
---------------+-------------------------------------+-----
Axes           | 4 5 6 8 10 11 13 15 16 | 16.3
Fighting       | 4 5 6 8 9 11 12 | 12.1
Dodging        | 4 5 |  5.5
Armour         | 1 2 3 4 7 9 11 12 13 | 13.3
Stealth        | 1 |  1.4

Action                     |  1- 3 |  4- 6 |  7- 9 | 10-12 || total
---------------------------+-------+-------+-------+-------++-------
  Melee: Hand axe          |    68 |    59 |   262 |       ||   389
         Headbutt          |    12 |    14 |    82 |   104 ||   212
         War axe           |       |       |     6 |   338 ||   344
 Invoke: Draw Destruction  |       |     2 |     3 |    15 ||    20
         Draw Escape       |       |       |       |     4 ||     4
         Draw Summoning    |       |       |       |     1 ||     1
    Use: Scroll            |       |       |       |    10 ||    10
 Armour: Robe              |     9 |       |       |       ||     9
         Scale mail        |    26 |    21 |       |       ||    47
         Chain mail        |       |    20 |    51 |       ||    71
         Plate armour      |       |       |   191 |   350 ||   541
  Dodge: Dodged            |    44 |    23 |   105 |   152 ||   324
